 Dungeon Crawl Stone Soup version 0.23.2-1-ga50397a6bc (webtiles) character file.

Game seed: 8671831853192461273

2126 Lamtest the Cleaver (level 9, -1/75 HPs)
             Began as a Minotaur Fighter on Apr 28, 2019.
             Was an Initiate of Gozag.
             Slain by a killer bee (8 damage)
             ... on level 9 of the Dungeon.
             The game lasted 00:31:22 (6005 turns).

Lamtest the Cleaver (Minotaur Fighter)              Turns: 6005, Time: 00:31:23

Health: -1/75      AC: 10    Str: 23    XL:     9   Next: 8%
Magic:  8/8        EV:  9    Int:  5    God:    Gozag
Gold:   1204       SH: 10    Dex:  7    Spells: 8/8 levels left

rFire    . . .     SeeInvis .   a - +0 war axe
rCold    . . .     Gourm    .   c - +0 shield
rNeg     . . .     Faith    .   I - +0 scale mail
rPois    +         Spirit   .   (helmet restricted)
rElec    +         Reflect  .   (no cloak)
rCorr    .         Harm     .   m - +0 pair of gloves
MR       +....                  e - +0 pair of boots
Stlth    ..........             A - amulet of Resumed Hostilities {+Inv rElec Regen+ Dex-4 Slay+6}
HPRegen  0.62/turn              v - ring of protection from magic
MPRegen  0.11/turn              x - ring of poison resistance

@: lethally poisoned (-1 -> -1), gold aura
A: retaliatory headbutt, horns 2
a: Potion Petition, Call Merchant, Bribe Branch, Renounce Religion, Evoke
Invisibility


You were on level 9 of the Dungeon.
You worshipped Gozag.
Gozag was most pleased with you.
You were not hungry.

You visited 2 branches of the dungeon, and saw 10 of its levels.

You collected 1211 gold pieces.
You paid 7 gold pieces to Gozag.

Inventory:

Hand Weapons
 a - a +0 war axe (weapon)
 H - a +2 battleaxe of freezing
Armour
 c - a +0 shield (worn)
 e - a +0 pair of boots (worn)
 m - a +0 pair of gloves (worn)
 I - a +0 scale mail (worn)
Jewellery
 i - an uncursed ring of protection from magic
 p - a +3 amulet of reflection
 v - a ring of protection from magic (left hand)
 x - a ring of poison resistance (right hand)
 z - an uncursed amulet of rage
 A - the amulet of Resumed Hostilities (around neck) {+Inv rElec Regen+ Dex-4 Slay+6}
   (You found it on level 7 of the Dungeon)

   [amulet of regeneration]

   It affects your dexterity (-4).
   It affects your accuracy and damage with ranged weapons and melee attacks
   (+6).
   It insulates you from electricity.
   It lets you turn invisible.
   It increases your rate of regeneration.
 G - an uncursed ring of resist corrosion
Wands
 q - a wand of polymorph (8)
 s - a wand of clouds (5)
 y - a wand of iceblast (6)
 C - a wand of random effects (47)
 D - a wand of scattershot (4)
Scrolls
 g - 2 scrolls of immolation
 h - 4 scrolls of teleportation
 j - a scroll of fear {unknown}
 o - 2 scrolls of magic mapping {unknown}
 r - a scroll of fog
 t - 2 scrolls of enchant armour {unknown}
 u - 4 scrolls of remove curse
 w - 2 scrolls of amnesia {unknown}
Potions
 b - a potion of ambrosia {unknown}
 d - 4 potions of might
 k - a potion of brilliance {unknown}
 l - a potion of curing
 n - 2 potions of heal wounds {unknown}
 B - a potion of resistance {unknown}
 E - a potion of mutation {unknown}
 F - a potion of flight {unknown}
Comestibles
 f - 4 rations


   Skills:
 + Level 6.0 Fighting
 + Level 9.2 Axes
 + Level 7.2 Armour
 + Level 3.4 Dodging
 + Level 0.5 Stealth
 + Level 7.7 Shields


You had 8 spell levels left.
You didn't know any spells.
Your spell library was empty.

Dungeon Overview and Level Annotations

Branches:
Dungeon (9/15)             Temple (1/1) D:6
   Lair: D:8-11         Orc: D:9-12

Altars:
Ashenzari
Cheibriados
Dithmenos
Elyvilon
Fedhas
Gozag
Hepliaklqana
Kikubaaqudgha
Makhleb
Nemelex Xobeh
Okawaru
Qazlal
Ru
Sif Muna
Trog
Uskayaw
Vehumet
Wu Jian
Xom
Yredelemnul
Zin
The Shining One

Shops:
D:8 *


Innate Abilities, Weirdness & Mutations

You reflexively headbutt those who attack you in melee.
You have a pair of horns on your head.


Message History

The killer bee is no longer distracted by gold.
The killer bee buzzes angrily.
Your headbutt misses the killer bee.
The killer bee is moderately wounded.
You barely miss the killer bee.
The killer bee is no longer distracted by gold.
You feel sick.
The killer bee becomes distracted by the nearby gold, dreaming of imaginary riches.
You block the killer bee's attack. The killer bee barely misses you.
The killer bee buzzes angrily.
You slice the killer bee!!
You kill the killer bee!
You closely miss the killer bee.
The killer bee is no longer distracted by gold.
The killer bee stings you.
* * * LOW HITPOINT WARNING * * *
The killer bee stings you but does no damage. x2
You feel sick. You block the killer bee's attack. The killer bee stings you!
You die...
Your body crumbles into a pile of gold.

#######
.......######
............# $
....)...$...#
#..@....#
#..y$...######
#............#
#........###.##
..............>#
##.######.####..#
#. #.......# $
#.######..####.#
#.........####.#


You could see a killer bee.

Vanquished Creatures
  2 ice beasts
  A phantom (D:7)
  2 ogres
  A centaur (D:8)
  2 bullfrogs
  4 scorpions
  4 killer bees (D:9)
  4 wights (D:7)
  2 howler monkeys (D:7)
  3 crimson imps
  A quasit (D:8)
  5 hounds
  An orc priest (D:8)
  4 orc wizards
  A bullfrog skeleton (D:5)
  2 worker ants
  2 iguanas
  A hound zombie (D:8)
  3 gnolls (D:8)
  11 adders
  2 shadow imps (D:8)
  3 oozes
  2 adder skeletons
  2 worms (D:2)
  3 dart slugs
  6 leopard geckos
  17 orcs
  2 giant cockroaches (D:2)
  11 goblins
  6 hobgoblins
  7 jackals
  3 quokkas
  6 bats
  6 frilled lizards
  A jackal skeleton (D:6)
  A jackal zombie (D:6)
  5 kobolds
  A quokka skeleton (D:4)
  6 rats
  5 fungi (D:1)
151 creatures vanquished.

Notes
Turn   | Place    | Note
-------+----------+-------------------------------------------
     0 | D:1      | Lamtest the Minotaur Fighter began the quest for the Orb.
     0 | D:1      | Reached XP level 1. HP: 19/19 MP: 0/0
   145 | D:1      | Reached XP level 2. HP: 26/27 MP: 1/1
   485 | D:1      | Reached XP level 3. HP: 33/33 MP: 2/2
   908 | D:2      | Reached skill level 3 in Axes
  1059 | D:2      | Found an opulent altar of Gozag.
  1060 | D:2      | Found a sparkling altar of Nemelex Xobeh.
  1076 | D:2      | Became a worshipper of Gozag Ym Sagoz the Greedy
  1256 | D:2      | Reached XP level 4. HP: 40/40 MP: 3/3
  1449 | D:2      | Reached skill level 1 in Dodging
  2270 | D:3      | Found a white marble altar of Elyvilon.
  2359 | D:4      | Reached skill level 4 in Axes
  2359 | D:4      | Reached XP level 5. HP: 42/46 MP: 4/4
  2512 | D:4      | Reached skill level 5 in Shields
  2688 | D:5      | Entered Level 5 of the Dungeon
  3127 | D:5      | Reached XP level 6. HP: 53/53 MP: 5/5
  3666 | D:6      | Found a staircase to the Ecumenical Temple.
  3695 | Temple   | Entered the Ecumenical Temple
  4072 | D:6      | Reached skill level 5 in Axes
  4072 | D:6      | Reached skill level 5 in Armour
  4254 | D:6      | Found a hazy altar of Hepliaklqana.
  4255 | D:6      | Found an ancient bone altar of Kikubaaqudgha.
  4348 | D:6      | Reached XP level 7. HP: 57/60 MP: 6/6
  4369 | D:6      | You fall through a shaft!
  4392 | D:7      | Got an ancient pewter amulet
  4396 | D:7      | Found an ornate altar of the Wu Jian Council.
  4435 | D:7      | Found a sparkling altar of Nemelex Xobeh.
  4479 | D:7      | Reached skill level 5 in Fighting
  4678 | D:7      | Reached skill level 6 in Axes
  4692 | D:7      | Identified the amulet of Resumed Hostilities {+Inv rElec
                  | Regen+ Dex-4 Slay+6} (You found it on level 7 of the
                  | Dungeon)
  4873 | D:7      | Reached skill level 7 in Axes
  4892 | D:7      | Reached XP level 8. HP: 50/68 MP: 7/7
  5029 | D:7      | Reached skill level 8 in Axes
  5303 | D:8      | Found Ritalack's General Store.
  5597 | D:8      | Found a sacrificial altar of Ru.
  5996 | D:9      | Reached skill level 9 in Axes
  5996 | D:9      | Reached XP level 9. HP: 54/75 MP: 8/8
  6005 | D:9      | Slain by a killer bee

Skill      XL: |  1  2  3  4  5  6  7  8 |
---------------+-------------------------+-----
Fighting       | 4 5 6 |  6.0
Armour         | 4 5 7 |  7.2
Shields        | 4 5 6 7 |  7.7
Axes           | 3 4 5 7 9 |  9.2
Dodging        | 1 2 3 |  3.4
Stealth        | |  0.5

Action                   |  1- 3 |  4- 6 |  7- 9 || total
-------------------------+-------+-------+-------++-------
Melee: War axe           |   120 |   216 |   123 ||   459
       Headbutt          |    20 |    23 |    22 ||    65
Invok: Potion Petition   |       |     1 |       ||     1
  Use: Scroll            |       |     9 |     5 ||    14
  Eat: Chunk             |     1 |       |       ||     1
       Ration            |       |     5 |       ||     5
Armor: Scale mail        |    42 |    71 |    76 ||   189
Dodge: Dodged            |    35 |    59 |    64 ||   158
Block: Shield            |    52 |   133 |    89 ||   274
